 Dungeon Crawl Stone Soup version 0.29-a0-362-g5854e031c7 (webtiles) character file.

Game seed: 11564336149012562579

5 spiderkeys the Skirmisher (level 1, -1/18 HPs)
             Began as a Mummy Abyssal Knight on Apr 30, 2022.
             Was a Believer of Lugonu.
             Slain by a gnoll
             ... wielding a +0 flail
              (4 damage)
             ... on level 1 of the Dungeon.
             The game lasted 00:00:21 (147 turns).

spiderkeys the Skirmisher (Mummy Abyssal Knight)     Turns: 147, Time: 00:00:22

Health: -1/18      AC:  3    Str: 16    XL:     1   Next: 66%
Magic:  2/2        EV: 11    Int:  9    God:    Lugonu [**....]
Gold:   28         SH:  0    Dex: 12    Spells: 0/0 levels left

rFire   x . .      SeeInvis .   a - +1 spear
rCold   + . .      Faith    .   (no shield)
rNeg    + + +      Spirit   .   b - +0 leather armour
rPois   ∞          Reflect  .   (no helmet)
rElec   .          Harm     .   (no cloak)
rCorr   .          Rampage  .   (no gloves)
Will    .....                   (no boots)
Stlth   +.........              (no amulet)
HPRegen 0.06/turn               (no ring)
MPRegen 0.08/turn               (no ring)

@: no status effects
A: cold resistance 1, negative energy resistance 3, torment resistance 2, heat
vulnerability 1, no potions
a: Renounce Religion, Depart the Abyss, Bend Space


You were on level 1 of the Dungeon.
You worshipped Lugonu.
Lugonu was pleased with you.
You visited 1 branch of the dungeon, and saw 1 of its levels.
You visited the Abyss 1 time.

You collected 28 gold pieces.


Innate Abilities, Weirdness & Mutations

You are immune to poison.
Your flesh is cold resistant. (rC+)
You are immune to negative energy. (rN+++)
You are immune to unholy pain and torment.
You are vulnerable to heat. (rF-)
You do not drink.


   Skills:
 + Level 3.0 Fighting
 + Level 1.6 Polearms
 - Level 1.5 Armour
 + Level 0.9 Dodging
 + Level 0.4 Spellcasting
 + Level 1.7 Invocations


You couldn't memorise any spells.
You didn't know any spells.
Your spell library was empty.

Inventory:

Hand Weapons
 a - a +1 spear (weapon)
Armour
 b - a +0 leather armour (worn)
 c - a +0 robe
   (You found it on level 1 of the Dungeon)

Dungeon Overview and Level Annotations

Branches:
Dungeon (1/15)

Altars:

.#..... #..... #.#.# .#
#.###†..##....
#......†......
#####..####... ##.#.##
.#######.###.##
......g@## ##.#
########.###.###.#
######### #.#......#
##.#.#.#.#####..#######
#.#.#.#.#.......#
##.#.#.#.#.###..#####
#.#.#.#.#.!# #.!....#
##.≈≈≈≈≈.#.# ######.#
#.#≈...≈#.)# #.#


You could see a gnoll.


Message History

🤖 Initializing magus.rc ...
Options error: Bad monster_list_colour key: strict_neutral (~/.crawlrc:5438) Bad channel name for runrest: 'pray:' ✅ Successfully initialized magus.rc [v1.11.3] Welcome, spiderkeys the Mummy Abyssal Knight.
Are you destined to find the splendid Orb of Zot, or to die trying?
Lugonu says: Depart the Abyss and spread corruption, my servant! (use the ability menu to exit the Abyss) Press ? for a list of commands and other information.
Found a corrupted altar of Lugonu.
There is a corrupted altar of Lugonu here.
Found a gateway leading out of the Abyss.
There is a gateway leading out of the Abyss here.
You pass through the gate.
There is a staircase leading out of the dungeon here.
You enter the shallow water.
Moving in this stuff is going to be slow.
c - a +0 robe Key pressed, stopping explore.
You now have 3 gold pieces.
A ball python comes into view.
The ball python hisses angrily.
A ball python is nearby!
You puncture the ball python!
You kill the ball python!
Lugonu accepts your kill.
No target in view!
No target in view!
You now have 17 gold pieces (gained 14).
Key pressed, stopping explore.
A hobgoblin comes into view.
The hobgoblin shouts!
A hobgoblin is nearby!
You hit the hobgoblin. The hobgoblin hits you. 😕 HP[-3]
You take 3 damage, and now have 15/18 hp.
You closely miss the hobgoblin.
The hobgoblin hits you but does no damage.
You hit the hobgoblin.
You kill the hobgoblin!
Lugonu accepts your kill.
No target in view!
No target in view!
You now have 28 gold pieces (gained 11).
Key pressed, stopping explore.
A hobgoblin comes into view.
The hobgoblin shouts! 😎 HP[+3]
Your hp is fully restored (18).
A hobgoblin is nearby!
A bat comes into view.
You hit the hobgoblin but do no damage. The bat hits you but does no damage.
The hobgoblin barely misses you.
You hit the hobgoblin.
You kill the hobgoblin!
Lugonu accepts your kill. The bat barely misses you.
An endoplasm comes into view.
An endoplasm comes into view.
The bat misses you.
The endoplasm moves out of view.
You reach to attack!
You hit the bat. The bat misses you. x2
You hit the bat.
You kill the bat!
Lugonu accepts your kill.
You reach to attack!
You hit the endoplasm.
You kill the endoplasm!
Lugonu accepts your kill.
No target in view!
No target in view!
No target in view!
A gnoll comes into view. It is wielding a +0 flail.
The gnoll shouts!
You hear a shout!
A gnoll is nearby!
A gnoll is nearby!
You reach to attack!
You hit the gnoll. You hit the gnoll.
The gnoll hits you with a +0 flail. 😮 HP[-5]
You take 5 damage, and now have 13/18 hp.
MASSIVE DAMAGE!! (PAUSE)
You hit the gnoll. The gnoll misses you.
You completely miss the gnoll. The gnoll hits you with a +0 flail!
Ouch! That really hurt!
* * * LOW HITPOINT WARNING * * *
😱 HP[-10]
You take 10 damage, and now have 3/18 hp.
MASSIVE DAMAGE!! (PAUSE)
You closely miss the gnoll. The gnoll hits you with a +0 flail.
You die...

Action                   || total
-------------------------++-------
Melee: Spear             ||    14
Armor: Leather armour    ||     2
Dodge: Dodged            ||     6

Levels and vault maps discovered:
D:1:      ncdulo_watergridlock, layout_loops_ring, basic_ecumenical_altar

Notes
Turn   | Place    | Note
-------+----------+-------------------------------------------
     0 | Abyss:1  | spiderkeys the Mummy Abyssal Knight began the quest for the
                  | Orb.
     0 | Abyss:1  | Reached XP level 1. HP: 18/18 MP: 2/2
     0 | Abyss:1  | magus.rc [v1.11.3]
    11 | D:1      | You pass through the gate.
    11 | D:1      | Escaped the Abyss
   146 | D:1      | HP: 3/18 [gnoll/+0 flail (10)]
   147 | D:1      | Slain by a gnoll

Vanquished Creatures
  An endoplasm (D:1)
  2 hobgoblins (D:1)
  A ball python (D:1)
  A bat (D:1)
5 creatures vanquished.

Table legend:
 A = Non-vault XP
 B = Vault XP
 C = Vault XP percentage of total XP
 D = Non-vault monster count
 E = Vault monster count
 F = Vault count percentage of total count
                 A         B        C        D         E       F
            +---------+---------+-------+---------+---------+-------
      Total |       8 |       0 |   0.0 |       5 |       0 |   0.0
            +---------+---------+-------+---------+---------+-------
        D:1 |       8 |       0 |   0.0 |       5 |       0 |   0.0
            +---------+---------+-------+---------+---------+-------

Illustrated notes

Table legend:
 A = Kills in this place as a percentage of kills in entire the game.
 B = Kills by you in this place as a percentage of kills by you in the entire game.
 C = Kills by friends in this place as a percentage of kills by friends in the entire game.
 D = Other kills in this place as a percentage of other kills in the entire game.
 E = Experience gained in this place as a percentage of experience gained in the entire game.
 F = Experience gained in this place divided by the number of levels of this place that you have seen.
                   A       B       C       D       E      F
               +-------+-------+-------+-------+-------+----------------------
         Total | 100.0 | 100.0 |   N/A |   N/A | 100.0 |   4.0
       Dungeon | 100.0 | 100.0 |   N/A |   N/A | 100.0 |   8.0
               +-------+-------+-------+-------+-------+----------------------

Table legend: (Time is in decaauts)
 A = Elapsed time spent in this place.
 B = Non-inter-level travel time spent in this place.
 C = Inter-level travel time spent in this place.
 D = Time resting spent in this place.
 E = Time spent auto-exploring this place.
 F = Levels seen in this place.
 G = Mean time per level.
                   A        B        C        D        E       F      G
               +--------+--------+--------+--------+--------+-----+--------+
         Total |    147 |    147 |      0 |      0 |    118 |   2 |   73.5 |
       Dungeon |    136 |    136 |      0 |      0 |    111 |   1 |  136.0 |
         Abyss |     11 |     11 |      0 |      0 |      7 |   1 |   11.0 |
               +--------+--------+--------+--------+--------+-----+--------+

Top non-repeatable levels by time:
     D:1: 136 daAuts
 Abyss:1: 11 daAuts
